TOP OF THE 1ST |
Phoenix Hotspur Reserves batting - Pitching for Calgary Lynx : RHP Jorge Rivas
|
Pitching: RHP Jorge Rivas
|
|
Batting: SHB Roberto López
|
0-0: Ground out 1-3 (Groundball, 15)
|
Batting: LHB Alberto Torres
|
0-0: Ground out 4-3 (Groundball, 4M)
|
Batting: RHB Paul Campbell
|
0-0: SINGLE (Line Drive, 4M)
|
Batting: LHB Dave Wynn
|
0-0: Ball 1-0: Ball 2-0: Ball 3-0: Called Strike 3-1: Base on Balls Paul Campbell to second
|
Batting: RHB Phil Terry
|
0-0: Called Strike 0-1: Ball 1-1: Swinging Strike 1-2: Ball 2-2: Foul Ball, location: 2F 2-2: Fielders Choice at 2nd, U6 (Groundball, 6M)
|
Top of the 1st over - 0 run(s), 1 hit(s), 0 error(s), 2 left on base; Phoenix 0 - Calgary 0 |
BOTTOM OF THE 1ST |
Calgary Lynx batting - Pitching for Phoenix Hotspur Reserves : RHP Alin Oanta
|
Pitching: RHP Alin Oanta
|
|
Batting: SHB Tom Craft
|
0-0: Ball 1-0: Ball 2-0: Swinging Strike 2-1: Foul Ball, location: 2F 2-2: Ball 3-2: Strikes out looking
|
Batting: RHB Jim Browning
|
0-0: Ball 1-0: Ball 2-0: Ground out 6-3 (Groundball, 6)
|
Batting: RHB Forest Simmons
|
0-0: Foul Ball, location: 2F 0-1: Foul Ball, location: 2F 0-2: Foul Ball, location: 2F 0-2: Ball 1-2: Strikes out swinging
|
Bottom of the 1st over - 0 run(s), 0 hit(s), 0 error(s), 0 left on base; Phoenix 0 - Calgary 0 |
TOP OF THE 2ND |
Phoenix Hotspur Reserves batting - Pitching for Calgary Lynx : RHP Jorge Rivas
|
Batting: LHB Edgardo Téllez
|
0-0: SINGLE (Flyball, 7S)
|
Batting: RHB Greg Griffin
|
0-0: Swinging Strike 0-1: Foul Ball, location: 2F 0-2: Ball 1-2: Foul Ball, location: 2F 1-2: Ball 2-2: Foul Ball, location: 2F 2-2: Ball 3-2: Fly out, F8 (Flyball, 89M)
|
Batting: SHB Miguel Soto
|
0-0: Ball 1-0: 2-RUN HOME RUN (Flyball, 89XD), Distance : 398 ft
|
Batting: RHB Dan Garza
|
0-0: Ball 1-0: Ball 2-0: SINGLE (Line Drive, 4)
|
Batting: SHB Roberto López
|
0-0: Ball 1-0: Fly out, F4 (Line Drive, 4)
|
Batting: LHB Alberto Torres
|
0-0: Foul Ball, location: 2F 0-1: Fly out, F9 (Flyball, 9S)
|
Top of the 2nd over - 2 run(s), 3 hit(s), 0 error(s), 1 left on base; Phoenix 2 - Calgary 0 |
BOTTOM OF THE 2ND |
Calgary Lynx batting - Pitching for Phoenix Hotspur Reserves : RHP Alin Oanta
|
Batting: LHB Timmy Appeldoorn
|
0-0: Foul Ball, location: 2F 0-1: Foul Ball, location: 2F 0-2: Fly out, F6 (Popup, 5DF)
|
Batting: LHB Gilbert Davis
|
0-0: Ball 1-0: Foul Ball, location: 2F 1-1: Foul Ball, location: 2F 1-2: Ground out U3 (Groundball, 3)
|
Batting: RHB Pepe Medina
|
0-0: Foul Ball, location: 2F 0-1: Fly out, F9 (Flyball, 9M)
|
Bottom of the 2nd over - 0 run(s), 0 hit(s), 0 error(s), 0 left on base; Phoenix 2 - Calgary 0 |
TOP OF THE 3RD |
Phoenix Hotspur Reserves batting - Pitching for Calgary Lynx : RHP Jorge Rivas
|
Batting: RHB Paul Campbell
|
0-0: Foul Ball, location: 2F 0-1: Called Strike 0-2: Ground out 6-3 (Groundball, 6M)
|
Batting: LHB Dave Wynn
|
0-0: Ball 1-0: Ball 2-0: Called Strike 2-1: Ball 3-1: Swinging Strike 3-2: Ground out 4-3 (Groundball, 4)
|
Batting: RHB Phil Terry
|
0-0: Ball 1-0: Ball 2-0: Called Strike 2-1: Ball 3-1: Foul Ball, location: 2F 3-2: Strikes out swinging
|
Top of the 3rd over - 0 run(s), 0 hit(s), 0 error(s), 0 left on base; Phoenix 2 - Calgary 0 |
BOTTOM OF THE 3RD |
Calgary Lynx batting - Pitching for Phoenix Hotspur Reserves : RHP Alin Oanta
|
Batting: RHB Francisco González
|
0-0: Called Strike 0-1: Called Strike 0-2: Ball 1-2: Ball 2-2: Ball 3-2: Fly out, F9 (Flyball, 9LM)
|
Batting: RHB Wilbur James
|
0-0: Called Strike 0-1: Ball 1-1: Ball 2-1: Foul Ball, location: 2F 2-2: Ball 3-2: Base on Balls
|
Batting: RHB Luis Fierro
|
0-0: Called Strike 0-1: Ground out U3 (Groundball, 3S) Wilbur James to second
|
Batting: SHB Tom Craft
|
0-0: Ground out 1-3 (Groundball, 13S)
|
Bottom of the 3rd over - 0 run(s), 0 hit(s), 0 error(s), 1 left on base; Phoenix 2 - Calgary 0 |
TOP OF THE 4TH |
Phoenix Hotspur Reserves batting - Pitching for Calgary Lynx : RHP Jorge Rivas
|
Batting: LHB Edgardo Téllez
|
0-0: Called Strike 0-1: Fly out, F4 (Popup, 4M)
|
Batting: RHB Greg Griffin
|
0-0: Called Strike 0-1: Foul Ball, location: 2F 0-2: Ball 1-2: Ball 2-2: Foul Ball, location: 2F 2-2: Foul Ball, location: 2F 2-2: Ground out 4-3 (Groundball, 34)
|
Batting: SHB Miguel Soto
|
0-0: Called Strike 0-1: Called Strike 0-2: Ball 1-2: Foul Ball, location: 2F 1-2: Strikes out looking
|
Top of the 4th over - 0 run(s), 0 hit(s), 0 error(s), 0 left on base; Phoenix 2 - Calgary 0 |
BOTTOM OF THE 4TH |
Calgary Lynx batting - Pitching for Phoenix Hotspur Reserves : RHP Alin Oanta
|
Batting: RHB Jim Browning
|
0-0: Ball 1-0: Called Strike 1-1: Foul Ball, location: 2F 1-2: Foul Ball, location: 2F 1-2: Ground out 5-3 (Groundball, 5)
|
Batting: RHB Forest Simmons
|
0-0: Ball 1-0: Called Strike 1-1: Ball 2-1: SINGLE (Groundball, 3D)
|
Batting: LHB Timmy Appeldoorn
|
0-0: Foul Ball, location: 2F 0-1: Ball 1-1: Ball 2-1: Ball 3-1: Ground out U3 (Groundball, 3S) Forest Simmons to second
|
Batting: LHB Gilbert Davis
|
0-0: Called Strike 0-1: Foul Ball, location: 2F 0-2: Ball 1-2: SINGLE (Flyball, 78S) Forest Simmons to third Runner from 3rd tries for Home, SAFE, no throw or cutoff
|
Batting: RHB Pepe Medina
|
0-0: Ball 1-0: Called Strike 1-1: Ball 2-1: DOUBLE (Flyball, 9D) Gilbert Davis to third Runner from 3rd tries for Home, SAFE, throw made home
|
Batting: RHB Francisco González
|
0-0: Called Strike 0-1: Ball 1-1: Ball 2-1: SINGLE (Line Drive, 34D) Pepe Medina to third
|
Batting: RHB Wilbur James
|
0-0: SINGLE (Groundball, 6D) Pepe Medina scores Francisco González to second
|
Batting: RHB Luis Fierro
|
0-0: Called Strike 0-1: Ball 1-1: Fielders Choice at 2nd, U6 (Groundball, 6M)
|
Bottom of the 4th over - 3 run(s), 5 hit(s), 0 error(s), 2 left on base; Phoenix 2 - Calgary 3 |
TOP OF THE 5TH |
Phoenix Hotspur Reserves batting - Pitching for Calgary Lynx : RHP Jorge Rivas
|
Batting: RHB Dan Garza
|
0-0: Called Strike 0-1: Ball 1-1: Fly out, F9 (Flyball, 9LM)
|
Batting: SHB Roberto López
|
0-0: Ball 1-0: Called Strike 1-1: Foul Ball, location: 2F 1-2: Foul Ball, location: 2F 1-2: Ball 2-2: Ball 3-2: Base on Balls
|
Batting: LHB Alberto Torres
|
0-0: Ball 1-0: Foul Ball, location: 2F 1-1: SINGLE (Groundball, 6MD) Roberto López to second Runner from 2nd tries for 3rd, SAFE, no throw or cutoff
|
Batting: RHB Paul Campbell
|
0-0: Ball 1-0: DOUBLE (Flyball, 78D) Roberto López scores Alberto Torres to third
|
Batting: LHB Dave Wynn
|
0-0: Foul Ball, location: 2F 0-1: Ball 1-1: DOUBLE (Flyball, 8RXD) Alberto Torres scores Paul Campbell scores
|
Batting: RHB Phil Terry
|
0-0: Called Strike 0-1: Swinging Strike 0-2: Fly out, F7 (Flyball, 7M)
|
Batting: LHB Edgardo Téllez
|
0-0: Foul Ball, location: 2F 0-1: Ball 1-1: Ball 2-1: SINGLE (Line Drive, 9LS) Dave Wynn to third
|
Batting: RHB Greg Griffin
|
0-0: Fly out, F9 (Flyball, 89D)
|
Top of the 5th over - 3 run(s), 4 hit(s), 0 error(s), 2 left on base; Phoenix 5 - Calgary 3 |
BOTTOM OF THE 5TH |
Calgary Lynx batting - Pitching for Phoenix Hotspur Reserves : RHP Alin Oanta
|
Batting: SHB Tom Craft
|
0-0: Ball 1-0: Ball 2-0: Called Strike 2-1: Ball 3-1: Base on Balls
|
Batting: RHB Jim Browning
|
0-0: Bunted foul 0-1: Sac Bunt - play at first, batter OUT! 3-4 Tom Craft to second
|
Batting: RHB Forest Simmons
|
0-0: Called Strike 0-1: Swinging Strike 0-2: Strikes out swinging
|
Batting: LHB Timmy Appeldoorn
|
0-0: Swinging Strike 0-1: Called Strike 0-2: 2-RUN HOME RUN (Flyball, 8RXD), Distance : 431 ft
|
Batting: LHB Gilbert Davis
|
0-0: Ball 1-0: Ball 2-0: Ball 3-0: Called Strike 3-1: Foul Ball, location: 2F 3-2: Strikes out swinging
|
Bottom of the 5th over - 2 run(s), 1 hit(s), 0 error(s), 0 left on base; Phoenix 5 - Calgary 5 |
TOP OF THE 6TH |
Phoenix Hotspur Reserves batting - Pitching for Calgary Lynx : RHP Jorge Rivas
|
Batting: SHB Miguel Soto
|
0-0: Called Strike 0-1: Bunt for hit - play at first, batter safe!
|
Batting: RHB Dan Garza
|
0-0: Called Strike 0-1: Ball 1-1: Ball 2-1: Fly out, F8 (Flyball, 8RM)
|
Batting: SHB Roberto López
|
0-0: Called Strike 0-1: Ball 1-1: Ball 2-1: Fly out, F7 (Flyball, 78M)
|
Batting: LHB Alberto Torres
|
0-0: Called Strike 0-1: Foul Ball, location: 2F 0-2: Strikes out swinging
|
Top of the 6th over - 0 run(s), 1 hit(s), 0 error(s), 1 left on base; Phoenix 5 - Calgary 5 |
BOTTOM OF THE 6TH |
Calgary Lynx batting - Pitching for Phoenix Hotspur Reserves : RHP Alin Oanta
|
Batting: RHB Pepe Medina
|
0-0: Ball 1-0: Called Strike 1-1: Called Strike 1-2: Ball 2-2: Strikes out swinging
|
Batting: RHB Francisco González
|
0-0: Ball 1-0: Foul Ball, location: 2F 1-1: Ball 2-1: Ball 3-1: Base on Balls
|
Batting: RHB Wilbur James
|
0-0: Ball 1-0: Ball 2-0: Ball 3-0: Called Strike 3-1: Base on Balls Francisco González to second
|
Batting: RHB Luis Fierro
|
0-0: Ball 1-0: Foul Ball, location: 2F 1-1: Foul Ball, location: 2F 1-2: Ball 2-2: Reached on error, E4 (Groundball, 4) Francisco González to third Wilbur James to second
|
Batting: SHB Tom Craft
|
0-0: Called Strike 0-1: Ball 1-1: Ball 2-1: Grounds into fielders choice 1-2 (Groundball, 15) Wilbur James to third Luis Fierro to second
|
Pitching: RHP Robert Dickinson
|
|
Batting: RHB Jim Browning
|
0-0: Ground out 5-3 (Groundball, 56S)
|
Bottom of the 6th over - 0 run(s), 0 hit(s), 1 error(s), 3 left on base; Phoenix 5 - Calgary 5 |
TOP OF THE 7TH |
Phoenix Hotspur Reserves batting - Pitching for Calgary Lynx : RHP Jorge Rivas
|
Pitching: RHP Millard Kessler
|
|
Batting: RHB Paul Campbell
|
0-0: Swinging Strike 0-1: Ball 1-1: Ball 2-1: Foul Ball, location: 2F 2-2: Ball 3-2: Strikes out looking
|
Batting: LHB Dave Wynn
|
0-0: Called Strike 0-1: Ball 1-1: Foul Ball, location: 2F 1-2: Ball 2-2: Strikes out swinging
|
Batting: RHB Phil Terry
|
0-0: Ball 1-0: Swinging Strike 1-1: Fly out, F8 (Line Drive, 8RM)
|
Top of the 7th over - 0 run(s), 0 hit(s), 0 error(s), 0 left on base; Phoenix 5 - Calgary 5 |
BOTTOM OF THE 7TH |
Calgary Lynx batting - Pitching for Phoenix Hotspur Reserves : RHP Robert Dickinson
|
Batting: RHB Forest Simmons
|
0-0: Called Strike 0-1: Called Strike 0-2: Foul Ball, location: 2F 0-2: Ball 1-2: Ball 2-2: Strikes out swinging
|
Batting: LHB Timmy Appeldoorn
|
0-0: Called Strike 0-1: Ball 1-1: DOUBLE (Line Drive, 9M) - OUT at third base trying to stretch hit.
|
Batting: LHB Gilbert Davis
|
0-0: Called Strike 0-1: Ball 1-1: Ball 2-1: Called Strike 2-2: Fly out, F5 (Popup, 5F)
|
Bottom of the 7th over - 0 run(s), 1 hit(s), 0 error(s), 0 left on base; Phoenix 5 - Calgary 5 |
TOP OF THE 8TH |
Phoenix Hotspur Reserves batting - Pitching for Calgary Lynx : RHP Millard Kessler
|
Batting: LHB Edgardo Téllez
|
0-0: Ball 1-0: Called Strike 1-1: SINGLE (Groundball, 4M)
|
Pinch Hitting: LHB Chin Pak
|
0-0: Called Strike 0-1: Ball 1-1: Bunted foul 1-2: Foul Ball, location: 2F 1-2: Ball 2-2: SINGLE (Groundball, 4M) Edgardo Téllez to second
|
Pinch Hitting: LHB Geoff Tucker
|
0-0: Ball 1-0: Bunted foul 1-1: Bunt missed! 1-2: Ball 2-2: Ground out U3 (Groundball, 3S) Edgardo Téllez to third Chin Pak to second
|
Batting: RHB Dan Garza
|
0-0: Called Strike 0-1: Called Strike 0-2: Ball 1-2: Foul Ball, location: 2F 1-2: Fly out, F7 (Line Drive, 78D) Runner from 3rd tags up, SCORES, no throw
|
Batting: SHB Roberto López
|
0-0: Called Strike 0-1: Foul Ball, location: 2F 0-2: Ball 1-2: Ball 2-2: Fly out, F8 (Flyball, 8LM)
|
Top of the 8th over - 1 run(s), 2 hit(s), 0 error(s), 1 left on base; Phoenix 6 - Calgary 5 |
BOTTOM OF THE 8TH |
Calgary Lynx batting - Pitching for Phoenix Hotspur Reserves : RHP Robert Dickinson
|
Pitching: RHP Craig Gasnier
|
|
Now at 3B: José Bocanegra
|
|
Now in CF: Chin Pak
|
|
Batting: RHB Pepe Medina
|
0-0: Ball 1-0: Called Strike 1-1: DOUBLE (Flyball, 8RXD)
|
Batting: RHB Francisco González
|
0-0: Ball 1-0: Foul Ball, location: 2F 1-1: Ball 2-1: Ball 3-1: Ball
|
Batting: RHB Wilbur James
|
0-0: Sac Bunt - play at first, batter OUT! 2-4 Pepe Medina to third Francisco González to second
|
Pinch Hitting: SHB Vasco Paradela
|
0-0: Called Strike 0-1: Ball 1-1: Foul Ball, location: 2F 1-2: Foul Ball, location: 2F Single, Error in OF, E9, batter to second base Pepe Medina scores Francisco González scores
|
Batting: SHB Tom Craft
|
0-0: Intentional Walk
|
Batting: RHB Jim Browning
|
0-0: DOUBLE (Line Drive, 3L) Vasco Paradela scores Tom Craft to third Runner from 3rd tries for Home, SAFE, no throw or cutoff
|
Pitching: RHP Armando Féliz
|
|
Batting: RHB Forest Simmons
|
0-0: Fly out, F8 (Flyball, 8RM)
|
Batting: LHB Timmy Appeldoorn
|
0-0: Fly out, F7 (Flyball, 7M)
|
Bottom of the 8th over - 4 run(s), 3 hit(s), 1 error(s), 1 left on base; Phoenix 6 - Calgary 9 |
TOP OF THE 9TH |
Phoenix Hotspur Reserves batting - Pitching for Calgary Lynx : RHP Millard Kessler
|
Pitching: RHP Jim Unknown
|
|
Now at C: Tom Carlson
|
|
Now at 3B: Steve Brewer
|
|
Batting: LHB Alberto Torres
|
0-0: Ball 1-0: Fly out, F8 (Flyball, 8LM)
|
Batting: RHB Paul Campbell
|
0-0: Called Strike 0-1: Swinging Strike 0-2: Ground out 6-3 (Groundball, 56)
|
Batting: LHB Dave Wynn
|
0-0: Ball 1-0: Ball 2-0: Called Strike 2-1: Ball 3-1: Base on Balls
|
Batting: RHB Phil Terry
|
0-0: Called Strike 0-1: Fly out, F5 (Popup, 5SF)
|
Top of the 9th over - 0 run(s), 0 hit(s), 0 error(s), 1 left on base; Phoenix 6 - Calgary 9 |
|